 Dungeon Crawl Stone Soup version 0.24-a0-584-g9d6b971ae4 (webtiles) character file.

Game seed: 3043205058534687725, levelgen mode: deterministic

8841 Gynju the Grappler (level 11, -5/107 HPs)
             Began as a Troll Monk on Sept 3, 2019.
             Was an Elder of Okawaru.
             Slain by Grum
             ... wielding a +1 spear
              (7 damage)
             ... on level 1 of the Lair of Beasts.
             The game lasted 00:17:33 (10189 turns).

Gynju the Grappler (Troll Monk)                    Turns: 10189, Time: 00:17:33

Health: -5/107     AC: 10    Str: 19    XL:     11   Next: 15%
Magic:  0/14       EV: 13    Int:  6    God:    Okawaru [****..]
Gold:   687        SH:  0    Dex: 12    Spells: 10/10 levels left

rFire    + + +     SeeInvis +     - Unarmed
rCold    . . .     Gourm    +   (no shield)
rNeg     . . .     Faith    .   a - +0 robe
rPois    +         Spirit   +   G - +2 hat
rElec    .         Reflect  .   B - +1 cloak
rCorr    .         Harm     .   (gloves unavailable)
MR       .....                  (boots unavailable)
Stlth    ++........             C - amulet of Feheq {Spirit rF+++ MR- Str-5 SInv}
HPRegen  0.67/turn              l - ring of poison resistance
MPRegen  0.14/turn              v - ring of protection from magic

@: no status effects
A: large, unfitting armour, claws 3, fast metabolism 3, gourmand, regeneration
1, shaggy fur 1, tough skin 3
a: Heroism, Renounce Religion


You were on level 1 of the Lair of Beasts.
You worshipped Okawaru.
Okawaru was greatly pleased with you.
You were completely stuffed.

You visited 3 branches of the dungeon, and saw 12 of its levels.

You collected 687 gold pieces.

Inventory:

Hand Weapons
 m - a +3 hunting sling of flaming
Missiles
 f - 100 sling bullets
 i - 2 silver javelins
 n - 300 stones
 K - 3 javelins (quivered)
 M - 18 boomerangs
 N - 6 silver boomerangs
 O - 6 throwing nets
 Q - a boomerang of dispersal
Armour
 a - a +0 robe (worn)
 B - a +1 cloak (worn)
 G - a +2 hat (worn)
Jewellery
 l - a ring of poison resistance (left claw)
 u - an uncursed ring of positive energy
 v - a ring of protection from magic (right claw)
 C - the amulet of Feheq (around neck) {Spirit rF+++ MR- Str-5 SInv}
   (You found it on level 7 of the Dungeon)

   [amulet of guardian spirit]

   It causes incoming damage to be split between your health and magic.
   It affects your strength (-5).
   It renders you almost immune to fire.
   It affects your resistance to hostile enchantments.
   It lets you see invisible.
Wands
 t - a wand of iceblast (7)
 D - a wand of polymorph (23)
 H - a wand of paralysis (14)
 L - a wand of enslavement (6)
 P - a wand of flame (39)
 R - a wand of digging (3)
Scrolls
 d - a scroll of fear
 e - a scroll of fog
 g - 8 scrolls of remove curse
 k - 2 scrolls of enchant weapon
 o - 3 scrolls of teleportation
 q - 2 scrolls of magic mapping
 s - 2 scrolls of amnesia
 E - a scroll of blinking
Potions
 c - 4 potions of degeneration
 h - a potion of mutation
 j - 2 potions of invisibility
 p - 11 potions of curing
 w - a potion of cancellation
 x - a potion of flight
 z - a potion of agility
 A - a potion of haste
Comestibles
 b - 24 rations
 S - 6 chunks of flesh


   Skills:
 + Level 6.8 Fighting
 + Level 3.5 Throwing
 + Level 6.8 Dodging
 - Level 1.0 Stealth
 * Level 11.2 Unarmed Combat
 + Level 6.5 Invocations


You had 10 spell levels left.
You didn't know any spells.
Your spell library was empty.

Dungeon Overview and Level Annotations

Branches:
Dungeon (10/15)            Temple (1/1) D:4            Lair (1/6) D:10
    Orc (0/2) D:10

Altars:
Ashenzari
Cheibriados
Dithmenos
Elyvilon
Fedhas
Gozag
Hepliaklqana
Kikubaaqudgha
Makhleb
Nemelex Xobeh
Okawaru
Qazlal
Ru
Sif Muna
Trog
Uskayaw
Vehumet
Wu Jian
Xom
Yredelemnul
Zin
The Shining One

Shops:
D:6 }   D:9 }*

Annotations:
Lair:1 Grum


Innate Abilities, Weirdness & Mutations

You are too large for most types of armour.
You have claws for hands.
Your metabolism is lightning-fast.
You like to eat raw meat.
Your natural rate of healing is unusually fast.
You are covered in fur. (AC +1)
You have extremely tough skin. (AC +3)


Message History

You claw the wolf!
The wolf is moderately wounded.
The wolf barely misses you.
You scratch the wolf.
The wolf is severely wounded.
The wolf bites you!
* * * LOW HITPOINT WARNING * * *
Grum hits you but does no damage. The wolf bites you.
* * * LOW HITPOINT WARNING * * *
You barely miss the wolf.
The wolf is severely wounded.
The wolf bites you but does no damage.
Grum hits you from afar with a +1 spear!
* * * LOW HITPOINT WARNING * * *
You claw the wolf!
You kill the wolf!
Okawaru accepts your kill. Grum barely misses you.
Grum hits you with a +1 spear!
You die...

*,,,,,,,#....,,,,,,,,,,,,,,,*,,,*
,,,,*,***#.#.##*********,,****,,,
,,,**** *#...## *,,* *,*,, *,**
*#...# *,,* ****, ,,* #..#*
*##**#*,** ** ,**
######..####.##.#**,** **
##...............#..,,***
***#.........g.........,,,,**
*,,...........@.....!..,,,*,*
**,...#####..###.#.#.##*,,,,***
**,,,.** #..# *##*#** **,,,,,*
**,,,,** ##..# *,*,,** ,,,,,,*
#...# ### ### ***,** ,*,,***
#####..###.###.## *** * ,,,**
#.#.........#...# ** ,,**
#...............## **, ,,*
##................## *,*


You could see Grum.

Vanquished Creatures
  A two-headed ogre (D:8)
  2 spiny frogs (Lair:1)
  A rime drake (Lair:1)
  A troll (D:10)
  Prince Ribbit (D:5)
  A hippogriff (D:6)
  5 yaks
  A wraith (D:10)
  Sigmund (D:6)
  A basilisk (Lair:1)
  Duvessa (D:6)
  3 porcupines
  2 black bears (D:8)
  6 orc warriors
  An ice beast (D:10)
  A sky beast (D:5)
  A phantom (D:9)
  3 wolves (Lair:1)
  6 ogres
  5 centaurs
  2 crocodiles (Lair:1)
  8 bullfrogs
  Blork the orc (D:4)
  2 gnoll sergeants
  5 scorpions
  Dowan (D:7)
  4 killer bees (D:7)
  A centaur zombie (D:8)
  2 crimson imps (D:9)
  2 quasits
  A bullfrog zombie (D:9)
  A hound (D:6)
  3 jellies
  7 gnoll shamans (D:3)
  5 orc priests
  Crazy Yiuf (D:6)
  2 bullfrog skeletons
  A centaur skeleton (D:8)
  10 orc wizards
  2 iguanas
  5 worker ants
  A hound zombie (D:6)
  6 adders
  33 gnolls
  A howler monkey skeleton (D:7)
  2 shadow imps
  An ooze (D:1)
  An adder skeleton (D:8)
  4 worms
  4 dart slugs
  5 leopard geckos
  27 orcs
  12 bats
  5 giant cockroaches
  10 goblins
  6 hobgoblins
  17 jackals
  8 kobolds
  5 quokkas
  3 ball pythons
  A ball python skeleton (D:3)
  4 frilled lizards
  2 jackal skeletons (D:4)
  7 rats
  2 fungi (D:6)
277 creatures vanquished.

Vanquished Creatures (others)
  A jackal (D:3)
  3 toadstools (D:6)
4 creatures vanquished.

Grand Total: 281 creatures vanquished

Notes
Turn   | Place    | Note
-------+----------+-------------------------------------------
     0 | D:1      | Gynju the Troll Monk began the quest for the Orb.
     0 | D:1      | Reached XP level 1. HP: 22/22 MP: 0/0
    40 | D:1      | Reached XP level 2. HP: 20/29 MP: 1/1
   262 | D:1      | Reached XP level 3. HP: 35/36 MP: 2/2
   579 | D:2      | Reached skill level 4 in Unarmed Combat
   590 | D:2      | Found a shadowy altar of Dithmenos.
  1040 | D:2      | Reached XP level 4. HP: 44/44 MP: 3/3
  1380 | D:3      | Found an iron altar of Okawaru.
  1394 | D:3      | Became a worshipper of Warmaster Okawaru
  1394 | D:3      | Reached * piety under Okawaru
  1394 | D:3      | Reached ** piety under Okawaru
  1681 | D:3      | Reached XP level 5. HP: 27/53 MP: 4/4
  1695 | D:3      | Reached skill level 1 in Invocations
  2044 | D:3      | Found a hide-covered altar of Uskayaw.
  2045 | D:3      | Found a shimmering altar of Xom.
  2045 | D:3      | Found a glowing golden altar of the Shining One.
  2048 | D:3      | Found an ancient bone altar of Kikubaaqudgha.
  2128 | D:3      | Reached skill level 5 in Unarmed Combat
  2151 | D:3      | Reached XP level 6. HP: 45/61 MP: 4/6
  2216 | D:3      | Reached *** piety under Okawaru
  2331 | D:3      | Reached XP level 7. HP: 40/68 MP: 4/7
  2414 | D:3      | Reached skill level 6 in Unarmed Combat
  2815 | D:4      | Found a staircase to the Ecumenical Temple.
  2832 | Temple   | Entered the Ecumenical Temple
  3367 | D:4      | Noticed Blork the orc
  3372 | D:4      | Killed Blork the orc
  3514 | D:4      | Found a burning altar of Makhleb.
  3520 | D:4      | Found a shimmering blue altar of Sif Muna.
  3580 | D:4      | Reached **** piety under Okawaru
  3580 | D:4      | Reached XP level 8. HP: 50/78 MP: 9/9
  3756 | D:5      | Entered Level 5 of the Dungeon
  3776 | D:5      | Reached skill level 7 in Unarmed Combat
  4038 | D:5      | Noticed Prince Ribbit
  4327 | D:5      | Killed Prince Ribbit
  4834 | D:6      | Found Usaotim's Gadget Emporium.
  4868 | D:6      | Reached skill level 8 in Unarmed Combat
  5010 | D:6      | Noticed Sigmund
  5019 | D:6      | Reached skill level 5 in Dodging
  5028 | D:6      | Killed Sigmund
  5028 | D:6      | Reached skill level 5 in Fighting
  5028 | D:6      | Reached XP level 9. HP: 72/88 MP: 11/11
  5202 | D:6      | Found a runed translucent door.
  5203 | D:6      | Noticed Crazy Yiuf
  5208 | D:6      | Killed Crazy Yiuf
  5351 | D:7      | Noticed Dowan
  5352 | D:7      | Noticed Duvessa
  5369 | D:7      | Killed Dowan
  5376 | D:6      | Reached ***** piety under Okawaru
  5384 | D:6      | Killed Duvessa
  5521 | D:7      | Got a steaming iron amulet
  5523 | D:7      | Identified the amulet of Feheq {Spirit rF+++ MR- Str-5
                  | SInv} (You found it on level 7 of the Dungeon)
  5814 | D:7      | Reached skill level 9 in Unarmed Combat
  6242 | D:7      | Reached skill level 5 in Invocations
  6374 | D:8      | Found a shattered altar of Ashenzari.
  6697 | D:7      | Received a gift from Okawaru
  6983 | D:8      | Noticed a two-headed ogre
  6989 | D:8      | Killed a two-headed ogre
  6989 | D:8      | Reached skill level 1 in Throwing
  6989 | D:8      | Reached XP level 10. HP: 98/98 MP: 4/13
  7184 | D:8      | Reached skill level 10 in Unarmed Combat
  7378 | D:8      | Found a bloodstained altar of Trog.
  7530 | D:9      | Found Jodymoig's Demolitions Depot.
  7548 | D:9      | Found Cuqoanaf's Gadget Shop.
  8581 | D:10     | Entered Level 10 of the Dungeon
  8821 | D:10     | Found a staircase to the Orcish Mines.
  9406 | D:10     | Found a staircase to the Lair.
  9730 | Lair:1   | Entered Level 1 of the Lair of Beasts
  9781 | Lair:1   | Noticed a spiny frog
  9788 | Lair:1   | Killed a spiny frog
  9832 | Lair:1   | Noticed a spiny frog
  9842 | Lair:1   | Killed a spiny frog
  9842 | Lair:1   | Reached skill level 11 in Unarmed Combat
  9842 | Lair:1   | Reached XP level 11. HP: 75/107 MP: 10/14
 10008 | Lair:1   | Received a gift from Okawaru
 10166 | Lair:1   | Noticed Grum
 10187 | Lair:1   | HP: 1/107 [Grum/+1 spear (8)]
 10189 | Lair:1   | Slain by Grum

Levels and vault maps discovered:
D:1:      minmay_arrival_three_doors, layout_rooms
D:2:      layout_basic, nicolae_dithmenos_through_a_glass_darkly, first_ration
D:3:      lemuel_castle_with_subvaults [lemuel_castle_interior_carwin_3],
          layout_rooms, lemuel_round_altar, minitemple
D:4:      layout_rooms, amethyst_overflow_temple_binary,
          minmay_temple_entry_slanted, kennysheep_generic_room_11,
          uniq_blork_the_orc
D:5:      layout_gridville, uniq_prince_ribbit1
D:6:      layout_loops_cross, serial_shops, shop, minmay_gold_behind_fungi,
          uniq_sigmund, uniq_crazy_yiuf_cottage
D:7:      layout_cave_pools, grunt_ogre_cave, uniq_duvessa
D:8:      minmay_bubble_buster, layout_cave_pools, ashenzari_altar_1,
          trog_ov_bears_minmay
D:9:      layout_irregular_city, serial_shops, nicolae_shop_crystal,
          nicolae_blasting_shop
D:10:     layout_cave_pods, grunt_lair_entry_orc_guard_hut, david_orc_2,
          chequers_serial_rivers_micro_d
Temple:   minmay_temple_forest_path
Lair:1:   layout_concentric_octagons, small_statue_intersection, st_stairs_13,
          chequers_serial_rivers_small_b, uniq_grum

Skill      XL: |  1  2  3  4  5  6  7  8  9 10 |
---------------+-------------------------------+-----
Unarmed Combat | 4 5 6 8 9 11 | 11.2
Fighting       | 3 4 5 6 |  6.8
Dodging        | 3 4 5 6 |  6.8
Invocations    | 1 2 3 4 5 6 |  6.5
Throwing       | 1 3 |  3.5
Stealth        | |  1.0

Action                   |  1- 3 |  4- 6 |  7- 9 | 10-12 || total
-------------------------+-------+-------+-------+-------++-------
Melee: Unarmed           |   101 |   165 |   332 |   244 ||   842
       Punch             |     2 |     3 |    12 |     5 ||    22
Throw: Stone             |       |       |     5 |       ||     5
Invok: Heroism           |       |     3 |     7 |     1 ||    11
       Finesse           |       |       |     1 |       ||     1
  Use: Scroll            |       |     1 |     1 |    18 ||    20
 Stab: Sleeping          |     2 |       |     2 |       ||     4
       Distracted        |       |       |     1 |       ||     1
  Eat: Chunk             |    15 |    12 |    43 |    29 ||    99
Armor: Robe              |    34 |    80 |    88 |    69 ||   271
Dodge: Dodged            |    66 |   126 |   197 |   124 ||   513

Table legend:
 A = Non-vault XP
 B = Vault XP
 C = Vault XP percentage of total XP
 D = Non-vault monster count
 E = Vault monster count
 F = Vault count percentage of total count
                 A         B        C        D         E       F
            +---------+---------+-------+---------+---------+-------
      Total |    7844 |    4786 |  37.9 |     191 |      84 |  30.5
            +---------+---------+-------+---------+---------+-------
        D:1 |      73 |       0 |   0.0 |      33 |       0 |   0.0
        D:2 |      29 |      85 |  74.6 |      13 |       6 |  31.6
        D:3 |     159 |     753 |  82.6 |      30 |      44 |  59.5
        D:4 |     260 |     215 |  45.3 |      17 |       3 |  15.0
        D:5 |     362 |     264 |  42.2 |       6 |       1 |  14.3
        D:6 |     858 |     386 |  31.0 |      13 |       3 |  18.8
        D:7 |    1004 |     194 |  16.2 |      27 |       2 |   6.9
        D:8 |     361 |    1581 |  81.4 |       7 |      12 |  63.2
        D:9 |    1044 |       0 |   0.0 |      22 |       0 |   0.0
       D:10 |    1123 |     952 |  45.9 |      11 |      10 |  47.6
     Lair:1 |    2571 |     356 |  12.2 |      12 |       3 |  20.0
            +---------+---------+-------+---------+---------+-------
